 Dungeon Crawl Stone Soup version 0.29-a0-878-g7b45a56547 (webtiles) character file.

Game seed: 13629642963787976759

1235 Destapler the Cudgeller (level 8, -11/80 HPs)
             Began as a Troll Berserker on July 20, 2022.
             Was a Priest of Trog.
             Shot with an arrow by a centaur (14 damage)
             ... on level 5 of the Dungeon.
             The game lasted 00:09:55 (3711 turns).

Destapler the Cudgeller (Troll Berserker)           Turns: 3711, Time: 00:09:56

Health: -11/80     AC:  0    Str: 28    XL:     8   Next: 24%
Magic:  7/7        EV: 11    Int:  3    God:    Trog [***...]
Gold:   209        SH:  0    Dex:  9    Spells: 7/7 levels left

rFire   . . .      SeeInvis .   x - +7 hand axe "Kaiskoha" {flame, *Rage *Corrode rElec Stlth+}
rCold   . . .      Faith    .   (no shield)
rNeg    + . .      Spirit   .   b - +0 animal skin
rPois   .          Reflect  .   (helmet restricted)
rElec   +          Harm     .   (no cloak)
rCorr   .          Rampage  .   (gloves unavailable)
Will    .....      Rage     20% (boots unavailable)
Stlth   ++........              (no amulet)
HPRegen 1.03/turn               c - ring of positive energy
MPRegen 0.10/turn               (no ring)

@: corroded, on berserk cooldown, slowed, very slow
A: large, unfitting armour, claws 3, regeneration 1, shaggy fur 1, tough skin 1
a: Renounce Religion, Berserk, Trog's Hand


You were on level 5 of the Dungeon.
You worshipped Trog.
Trog was most pleased with you.
You visited 1 branch of the dungeon, and saw 5 of its levels.
You also visited: Ossuary.

You collected 209 gold pieces.

Inventory:

Hand Weapons
 a - a +0 mace
 k - a +0 hand axe of electrocution
 w - a +2 whip of venom
 x - the +7 hand axe "Kaiskoha" (weapon) {flame, *Rage *Corrode rElec Stlth+}
   (You found it on level 3 of the Dungeon)

   It burns those it strikes, dealing additional fire damage.
   Big, fiery blades are also staple armaments of hydra-hunters.
   rElec:     It insulates you from electricity.
   *Rage:     It berserks you when you make melee attacks (+20% chance).
   *Corrode:  It may corrode you when you take damage.
   Stlth:     It makes you more stealthy.
Armour
 b - a +0 animal skin (worn)
Jewellery
 c - a ring of positive energy (left claw)
Wands
 q - a wand of charming (5)
 v - a wand of light (9)
Scrolls
 e - 5 scrolls of noise {unknown}
 g - a scroll of fog {unknown}
 j - a scroll of amnesia {unknown}
 p - a scroll of teleportation {unknown}
 r - 2 scrolls of enchant armour {unknown}
 t - 2 scrolls of identify {unknown}
 u - 3 scrolls of enchant weapon {unknown}
 y - a scroll of poison {unknown}
 z - 2 scrolls of immolation {unknown}
 A - a scroll of blinking {unknown}
 B - a scroll of fear {unknown}
 C - a scroll of magic mapping {unknown}
Potions
 d - 8 potions of curing {unknown}
 f - a potion of haste {unknown}
 h - 2 potions of lignification {unknown}
 i - 4 potions of attraction {unknown}
 l - 2 potions of flight {unknown}
 m - 3 potions of degeneration {unknown}
 n - 2 potions of resistance {unknown}
 o - 2 potions of might {unknown}
 s - a potion of heal wounds {unknown}
 D - 2 potions of brilliance {unknown}
 E - 2 potions of mutation {unknown}


   Skills:
 + Level 5.3 Fighting
 + Level 5.9 Maces & Flails
 + Level 5.3 Dodging


You had 7 spell levels left.
You didn't know any spells.
Your spell library contained the following spells:

 Spells                   Type           Power      Damage    Failure   Level
 Freeze                   Ice            0%         1d3       52%         1


Dungeon Overview and Level Annotations

Branches:
Dungeon (5/15)            Ossuary (visited)
 Temple: D:4-7

Altars:
Ashenzari


Innate Abilities, Weirdness & Mutations

You are too large for most types of armour.
You have claws for hands.
Your natural rate of healing is unusually fast.
You are covered in fur. (AC +1)
You have tough skin. (AC +1)


Message History

An orc wizard comes into view. It is wielding a +0 dagger.
A gnoll comes into view. It is wielding a +0 spear.
An orc comes into view. It is wielding a +0 flail.
The gnoll shouts!
The orc shouts! x2; You hear a shout! x2
The gnoll hits you with a +0 club!
Your corrosive artefact corrodes you!
You slash the gnoll! You burn the gnoll.
You kill the gnoll!
Trog accepts your kill.
The centaur shoots an arrow.
The arrow hits you!
An orc wizard and an orc come into view.
Found 6 stones.
The orc wizard shouts!
You hear a shout!
The orc wizard misses you. The orc wizard casts a spell at you.
The puff of flame hits you!
You barely miss the orc wizard.
The centaur shoots an arrow.
The arrow hits you.
* * * LOW HITPOINT WARNING * * *
An orc comes into view. It is wielding a +0 war axe.
The orc wizard hits you with a +0 dagger.
* * * LOW HITPOINT WARNING * * *
You barely miss the orc wizard.
You are no longer berserk.
You are exhausted.
You feel yourself slow down.
The centaur shoots an arrow.
The arrow hits you!
* * * LOW HITPOINT WARNING * * *
You are too injured to fight recklessly!
You are too injured to fight recklessly!
You are too injured to fight recklessly!
You hit the orc wizard but do no damage.
The centaur shoots an arrow.
The arrow hits you!
* * * LOW HITPOINT WARNING * * *
The gnoll hits you from afar with a +0 spear!
* * * LOW HITPOINT WARNING * * *
The orc wizard barely misses you.
The centaur shoots an arrow.
The arrow misses you. The gnoll closely misses you. x2
The orc wizard hits you with a +0 dagger.
* * * LOW HITPOINT WARNING * * *
The centaur shoots an arrow.
The arrow hits you!
You die...

.........#.......#
#.############..####.###
#.......................
#.............)......###
#....................##.
#....................#..
.....................###
.....gog................
.....go@....##.#..##.###
(.....o)....##.##.......
..(...o!....##.##.......
....o............#......
#..o........$....#......
#............(c..#......
#o##########.....##..###
.. §§§≈..#..# ≈≈≈≈≈.##.


You could see a centaur, 3 orc wizards, 3 gnolls and 4 orcs.

Vanquished Creatures
  Grinder (D:3)
  Sigmund (D:3)
  A sky beast (D:4)
  A centaur (D:5)
  A phantom (D:4)
  2 elf zombies (Ossuary)
  2 scorpions
  2 centaur zombies (Ossuary)
  An iguana (D:5)
  3 hound zombies (Ossuary)
  3 mummies (Ossuary)
  A gnoll (D:5)
  10 adders
  An ufetubus (D:5)
  2 adder zombies (Ossuary)
  A worm (D:3)
  A dart slug (D:3)
  9 orcs
  7 ball pythons
  7 endoplasms
  A giant cockroach (D:1)
  3 gnoll zombies (Ossuary)
  6 goblins
  9 hobgoblins
  3 quokkas (D:1)
  2 bats
  A frilled lizard (D:1)
  6 goblin zombies (Ossuary)
  5 hobgoblin zombies (Ossuary)
  6 jackal zombies (Ossuary)
  7 kobolds
  An orc zombie (Ossuary)
  3 quokka zombies (Ossuary)
  5 rats
  A rat zombie (Ossuary)
116 creatures vanquished.

Vanquished Creatures (others)
  7 plants (D:2)
7 creatures vanquished.

Grand Total: 123 creatures vanquished

Notes
Turn   | Place    | Note
-------+----------+-------------------------------------------
     0 | D:1      | Destapler the Troll Berserker began the quest for the Orb.
     0 | D:1      | Reached XP level 1. HP: 22/22 MP: 0/0
   122 | D:1      | Reached XP level 2. HP: 28/29 MP: 1/1
   622 | D:1      | Found a faded altar of an unknown god.
   626 | D:1      | Got Plato's Secrets of the Iceberg
   800 | D:2      | Reached ** piety under Trog
   930 | D:2      | Reached XP level 3. HP: 33/36 MP: 2/2
  1267 | D:2      | Noticed a scorpion
  1273 | D:2      | Killed a scorpion
  1274 | D:2      | Reached XP level 4. HP: 45/45 MP: 3/3
  1820 | D:3      | Reached XP level 5. HP: 53/53 MP: 4/4
  1954 | D:3      | Noticed Grinder
  1954 | D:3      | Paralysed by Grinder for 3 turns
  1972 | D:3      | Killed Grinder
  1973 | D:3      | Reached XP level 6. HP: 62/62 MP: 5/5
  2026 | D:3      | Identified the +7 hand axe "Kaiskoha" {flame, *Rage
                  | *Corrode rElec Stlth+}
  2048 | D:3      | You fall into a shaft and drop 2 floors!
  2048 | D:5      | Entered Level 5 of the Dungeon
  2169 | D:4      | Noticed a sky beast
  2183 | D:4      | Killed a sky beast
  2184 | D:4      | Reached XP level 7. HP: 71/71 MP: 6/6
  2274 | D:4      | Found a sand-covered staircase.
  2279 | Ossuary  | Entered an ossuary
  2305 | Ossuary  | Reached skill level 5 in Maces & Flails
  2347 | Ossuary  | Reached *** piety under Trog
  2633 | D:4      | Identified the +1 robe "Reulykik" {rCorr Int+3 Stlth+}
  2870 | D:3      | Noticed Sigmund
  2889 | D:3      | Killed Sigmund
  2890 | D:3      | Reached skill level 5 in Fighting
  2890 | D:3      | Reached skill level 5 in Dodging
  2890 | D:3      | Reached XP level 8. HP: 66/80 MP: 7/7
  3506 | D:5      | Found a broken altar of Ashenzari.
  3711 | D:5      | HP: 3/80 [orc wizard/+0 dagger (3)]
  3711 | D:5      | Shot with an arrow by a centaur

Illustrated notes

Levels and vault maps discovered:
D:1:      wheals_arrival_shading, layout_loops_ring,
          shapermc_ecumenical_altar_rom_forum, grunt_decor_arrowhead,
          corexii_hall_statues_i
D:2:      cheibrodos_old_hovel, layout_loops_ring
D:3:      layout_loops_ring, minmay_snake_closets, uniq_grinder, uniq_sigmund
D:4:      layout_basic, enter_ossuary_2, minmay_misc_feat_roman, glass_columns_a
D:5:      layout_basic, minitemple, mainiacjoe_overflow_six_doors_small,
          serial_shops, nicolae_shop_hallway_stairs, nicolae_lakefront_shop,
          kennysheep_little_box

Skill      XL: |  1  2  3  4  5  6  7 |
---------------+----------------------+-----
Maces & Flails | 3 4 5 |  5.9
Fighting       | 3 4 5 |  5.3
Dodging        | 3 4 5 |  5.3

Action                   |  1- 3 |  4- 6 |  7- 9 || total
-------------------------+-------+-------+-------++-------
Melee: Mace              |    56 |       |       ||    56
       Hand axe          |    16 |    67 |   115 ||   198
       Punch             |     1 |     3 |     1 ||     5
Invok: Berserk           |     1 |     2 |       ||     3
       Trog's Hand       |       |     1 |       ||     1
 Stab: Sleeping          |     1 |     1 |     3 ||     5
Armor: Animal skin       |    14 |    13 |    24 ||    51
Dodge: Dodged            |    29 |    44 |    56 ||   129

Table legend: (Time is in decaauts)
 A = Elapsed time spent in this place.
 B = Non-inter-level travel time spent in this place.
 C = Inter-level travel time spent in this place.
 D = Time resting spent in this place.
 E = Time spent auto-exploring this place.
 F = Levels seen in this place.
 G = Mean time per level.
                   A        B        C        D        E       F      G
               +--------+--------+--------+--------+--------+-----+--------+
         Total |   3914 |   3755 |    159 |    354 |   2497 |   6 |  652.3 |
       Dungeon |   3594 |   3435 |    159 |    311 |   2438 |   5 |  718.8 |
       Ossuary |    319 |    319 |      0 |     43 |     58 |   1 |  319.0 |
               +--------+--------+--------+--------+--------+-----+--------+

Top non-repeatable levels by time:
     D:3: 1039 daAuts
     D:2: 803 daAuts
     D:1: 730 daAuts
     D:4: 721 daAuts
 Ossuary: 319 daAuts
     D:5: 299 daAuts
